Map: Magannatha LE

Players

Cure

  • Race: Terran Terran
  • Spawn Location: 5:00

herO - Winner!

  • Race: Protoss Protoss
  • Spawn Location: 11:00

Event: Esports World Cup 2025

VOD

Have the link to the VOD?

Description

Time

  • Played on: July 23, 2025, 12:06 p.m.
  • Length: 9:38

All games in this series

Show
View Real Time Build Order
Export as new Build Order

Cure Terran 

Build Orders: Cyclone Opening 

Get SALT Encoding   

  12  0:00  SCV  
  13  0:12  SCV  
  14  0:16  Supply Depot  
  14  0:24  SCV  
  15  0:38  SCV  
  15  0:40  Barracks  
  15  0:42  Refinery  
  16  0:50  SCV  
  17  1:02  SCV  
  18  1:14  SCV  
  19  1:27  Orbital Command  
  19  1:35  Command Center  
  19  1:38  Marine  
  20  1:50  Factory  
  20  1:53  SCV  
  21  2:01  Refinery  
  21  2:05  SCV  
  22  2:09  Supply Depot  
  22  2:11  Barracks Tech Lab  
  22  2:17  SCV  
  23  2:31  SCV  
  24  2:39  Cyclone, Marine  
  24  2:43  SCV  
  29  2:46  Starport  
  29  2:49  Orbital Command  
  29  2:55  SCV  
  29  2:57  Barracks Reactor  
  30  3:04  Barracks  
  30  3:07  SCV  
  31  3:15  SCV  
  31  3:19  SCV  
  33  3:21  Factory Tech Lab  
  33  3:22  Medivac  
  33  3:26  Supply Depot  
  35  3:28  SCV  
  35  3:31  SCV  
  35  3:33  Marine x2  
  39  3:40  SCV  
  40  3:42  Siege Tank  
  40  3:43  SCV  
  40  3:47  Supply Depot  
  44  3:53  SCV  
  45  3:55  SCV  
  45  3:56  Marine  
  45  3:57  Marine  
  45  3:59  Stimpack, Marine  
  49  4:05  Barracks  
  49  4:06  SCV  
  49  4:08  SCV  
  51  4:11  Supply Depot  
  51  4:14  Marine  
  51  4:15  Marine  
  51  4:16  Marine  
  53  4:18  SCV  
  53  4:20  SCV  
  53  4:23  Siege Tank  
  59  4:30  Supply Depot  
  59  4:32  Marine x2  
  59  4:34  Marine, SCV  
  59  4:35  SCV  
  59  4:37  Supply Depot  
  64  4:43  Supply Depot, Medivac  
  66  4:47  SCV  
  66  4:50  Marine x2  
  66  4:51  SCV  
  66  4:52  Marine  
  71  4:55  Marine  
  71  4:59  SCV  
  73  5:04  Siege Tank  
  73  5:05  SCV  
  73  5:06  Supply Depot  
  77  5:08  Marine x2  
  77  5:10  Marine  
  77  5:11  SCV  
  77  5:13  Marine  
  82  5:18  SCV  
  82  5:23  SCV  
  82  5:26  Marine x2  
  82  5:27  Marine  
  86  5:30  Marine  
  86  5:31  SCV  
  83  5:35  SCV  
  81  5:44  Marine, Siege Tank  
  81  5:46  Combat Shield, SCV  
  81  5:47  Marine  
  81  5:48  SCV  
  82  5:52  Marine x2  
  80  5:57  Bunker  
  80  6:03  Marine  
  81  6:05  Marine  
  81  6:07  Bunker  
  82  6:16  Marine x2  
  66  6:21  Marine, Siege Tank  
  66  6:23  Marine  
  66  6:25  Barracks  
  66  6:29  Barracks  
  66  6:32  Medivac  
  68  6:34  Marine x2, SCV x2  
  68  6:39  Marine  
  72  6:41  Marine  
  64  6:52  Marine x2, SCV x2  
  66  6:54  Siege Tank  
  66  6:56  Marine  
  66  6:59  Marine  
  70  7:07  SCV x2  
  70  7:08  Medivac  
  72  7:09  Marine x2  
  72  7:13  Marine  
  72  7:14  Marine  
  76  7:16  Marine  
  76  7:18  Marine  
  68  7:27  Marine x2  
  68  7:29  SCV  
  55  7:31  Marine  
  55  7:32  Marine  
  55  7:34  Marine  
  55  7:36  Marine  
  56  7:38  Medivac  
  56  7:39  SCV  
  56  7:42  SCV  
  60  7:45  Marine x2  
  60  7:49  Marine  
  60  7:50  Marine, Siege Tank  
  64  7:52  Marine, SCV  
  64  7:54  Marine, SCV  
  68  8:03  Marine x2  
  68  8:04  SCV  
  71  8:06  SCV  
  71  8:07  Marine  
  71  8:08  Marine  
  71  8:10  Marine, Medivac  
  71  8:12  Marine  
  76  8:21  Marine x2  
  76  8:24  Marine  
  76  8:25  Marine  
  78  8:28  Marine  
  78  8:29  Marine  
  78  8:30  Siege Tank  
  78  8:32  SCV  
  78  8:33  SCV  
  85  8:38  Marine x2  
  81  8:42  Marine  
  81  8:43  Marine  
  81  8:46  Marine  
  81  8:47  Marine  
  81  8:56  Marine x2  
  81  9:00  Marine  
  81  9:01  Marine  
  72  9:03  Marine  
  72  9:05  Marine  
  63  9:14  Marine x2  
  51  9:18  Marine  
  51  9:19  Marine  
Show
View Real Time Build Order
Export as new Build Order

herO Protoss - Winner!

Build Orders: 1 Gate Expand, Phoenix Opening, Blink Stalkers 

Get SALT Encoding   

  12  0:00  Probe  
  13  0:12  Probe  
  14  0:17  Pylon  
  14  0:23  Probe  
  15  0:31  Probe  
  16  0:35  Gateway  
  16  0:39  Probe  
  16  0:45  Assimilator  
  17  0:51  Probe  
  18  1:03  Probe  
  19  1:15  Probe  
  20  1:21  Nexus  
  20  1:30  Cybernetics Core  
  20  1:34  Probe  
  20  1:39  Assimilator  
  21  1:46  Probe  
  22  1:49  Pylon  
  22  1:55  Stalker  
  22  1:58  Probe  
  23  2:07  Warp Gate  
  25  2:10  Probe  
  26  2:22  Phoenix, Probe  
  27  2:23  Sentry  
  29  2:30  Probe  
  29  2:34  Probe  
  31  2:38  Probe  
  31  2:40  Twilight Council  
  32  2:46  Probe  
  32  2:47  Stalker  
  32  2:48  Probe  
  36  2:56  Phoenix, Gateway, Blink  
  36  2:58  Probe  
  36  3:00  Probe  
  38  3:11  Probe  
  38  3:12  Probe  
  40  3:13  Pylon  
  40  3:22  Gateway  
  40  3:23  Probe  
  40  3:24  Probe  
  42  3:31  Phoenix  
  42  3:35  Probe  
  42  3:36  Probe  
  44  3:44  Nexus  
  44  3:46  Pylon  
  44  3:49  Probe x2  
  44  3:50  Phoenix  
  46  3:59  Stalker x2  
  46  4:02  Pylon  
  50  4:04  Probe  
  50  4:05  Probe  
  52  4:12  Forge  
  52  4:18  Probe x2  
  52  4:22  Stalker x2  
  58  4:24  Stalker  
  58  4:27  Charge  
  58  4:30  Probe x2  
  62  4:37  Protoss Ground Armor Level 1  
  62  4:38  Pylon  
  62  4:43  Gateway  
  62  4:44  Gateway  
  62  4:50  Gateway  
  62  4:58  Shield Battery  
  62  5:02  Shield Battery  
  62  5:05  Stalker x2  
  66  5:10  Probe x3  
  69  5:16  Zealot  
  69  5:25  Pylon  
  69  5:27  Shield Battery  
  69  5:29  Stalker x2  
  73  5:41  Stalker x2  
  73  5:42  Zealot  
  79  5:45  Zealot  
  81  5:56  Zealot x2  
  83  5:58  Pylon  
  83  6:02  Zealot  
  85  6:04  Zealot x2  
  85  6:05  Zealot  
  91  6:16  Protoss Ground Weapons Level 1  
  73  6:18  Stalker x2  
  77  6:27  Zealot x4  
  77  6:29  Probe x3  
  88  6:38  Robotics Facility  
  88  6:40  Pylon  
  88  6:41  Probe x3  
  87  6:50  Zealot x6  
  97  6:57  Gateway x2, Probe x2  
  99  7:08  Nexus  
  99  7:09  Pylon  
  99  7:17  Warp Prism, Zealot x4  
  99  7:25  Zealot x2  
  83  7:38  Zealot x4  
  83  7:41  Shield Battery  
  87  7:44  Immortal  
  87  7:50  Sentry, Zealot  
  83  7:52  Gateway  
  83  7:56  Probe x3  
  90  7:59  Sentry, Zealot  
  90  8:00  Zealot  
  96  8:08  Probe x3  
  99  8:14  Stalker x3  
  99  8:16  Immortal  
  105  8:20  Probe  
  105  8:21  Zealot x2  
  105  8:24  Pylon  
  114  8:31  Zealot x2  
  114  8:32  Zealot  
  120  8:40  Zealot x3  
  126  8:45  Sentry, Zealot  
  130  8:51  Immortal  
  130  8:53  Zealot x3  
  136  9:00  Zealot x2  
  124  9:18  Zealot x7  
  124  9:23  Zealot x2  
Tags
 
Add a new tag
Caveats
  • Supply blocks, unpowered buildings, or Contaminate may cause inaccurate times.
  • Supply counts are checked every 10 seconds.